 Dungeon Crawl Stone Soup version 0.21.1-1-g345015f (webtiles) character file.

533 prawnwizard the Ruffian (level 7, 0/46 HPs)
             Began as an Octopode Fighter on July 4, 2018.
             Succumbed to an orc's poison
             ... on level 4 of the Dungeon.
             The game lasted 00:07:56 (4559 turns).

prawnwizard the Ruffian (Octopode Fighter)          Turns: 4559, Time: 00:07:56

Health: 0/46       AC:  1    Str: 15    XL:     7   Next: 24%
Magic:  2/7        EV: 15    Int: 11    God:
Gold:   146        SH:  0    Dex: 13    Spells: 6/6 levels left

rFire    . . .     SeeInvis .     - Unarmed
rCold    . . .     Gourm    .   (no shield)
rNeg     + . .     Faith    .   (helmet restricted)
rPois    .         Spirit   +   k - amulet of guardian spirit
rElec    .         Reflect  .   d - ring of fire
rCorr    .         Harm     .   p - ring of protection from magic
MR       +....                  q - ring of ice
Stlth    ++........             r - ring of positive energy
HPRegen  0.15/turn              (no ring)
MPRegen  0.10/turn              (no ring)
                                (no ring)
                                (no ring)

@: lethally poisoned (0 -> -23)
A: almost no armour, stealthy swim, amphibious, 8 rings, constrict 8, camouflage
1, gelatinous body 1
a: no special abilities


You were on level 4 of the Dungeon.
You were not hungry.

You visited 1 branch of the dungeon, and saw 4 of its levels.

You collected 146 gold pieces.

Inventory:

Jewellery
 a - an uncursed amulet of faith
 d - a ring of fire (left tentacle)
 k - an amulet of guardian spirit (around mantle)
 p - a ring of protection from magic (right tentacle)
 q - a ring of ice (on tentacle)
 r - a ring of positive energy (on tentacle)
Wands
 f - a wand of random effects (27)
Scrolls
 i - 2 scrolls of remove curse
 j - a scroll of fear
 l - a scroll of noise
Potions
 b - a potion of might
 e - a potion of curing
 g - a potion of haste {unknown}
 m - a potion of resistance {unknown}
 n - a potion of agility
 o - 2 potions of magic
 t - a potion of lignification
Comestibles
 c - 2 rations


   Skills:
 - Level 3.5 Fighting
 + Level 5.2 Dodging
   Level 3.1 Shields
 * Level 6.0 Unarmed Combat


You had 6 spell levels left.
You didn't know any spells.

Dungeon Overview and Level Annotations

Branches:
Dungeon (4/15)
 Temple: D:4-7

Altars:
Kikubaaqudgha

Annotations:
D:4 dedward's ghost, amateur MiBe


Innate Abilities, Weirdness & Mutations

You cannot wear most types of armour.
You are very stealthy in the water. (Stealth+)
You are amphibious.
You can wear up to eight rings at the same time.
You can use your tentacles to constrict eight enemies at once.
Your skin changes colour to match your surroundings (Stealth+).
Your rubbery body absorbs attacks. (AC +1, EV +1)


Message History

* * * LOW HITPOINT WARNING * * *
The orc hits you but does no damage.
You tentacle-slap the orc. You grab the orc.
The orc is severely wounded.
You constrict the orc, but do no damage.
The orc hits you from afar with a trident of venom.
* * * LOW HITPOINT WARNING * * *
You are lethally poisoned!
You tentacle-slap the orc.
You kill the orc!
* * * LOW HITPOINT WARNING * * *
You feel sick. Dedward's ghost closely misses you. The orc closely misses you.
* * * LOW HITPOINT WARNING * * *
You feel sick.
The orc hits you with a trident of venom.
* * * LOW HITPOINT WARNING * * *
You are more poisoned.
* * * LOW HITPOINT WARNING * * *
You feel sick. Dedward's ghost barely misses you. The orc barely misses you.
You die...

.#...............................
.#......<.().....................
.##..............................
...............(..........!......
.##..............................
.##..............................
.##............<.................
.##..............................
................@............)...
...............o.............)...
..............†W......$..........
..............)..................
.................................
...........................(.....
.....)....................[......
.................................
..............................


You could see dedward's ghost and an orc.

Vanquished Creatures
  An ogre (D:3)
  3 orc priests
  A centaur skeleton (D:4)
  A hound (D:3)
  2 orc wizards (D:4)
  3 worker ants
  Robin (D:2)
  A gnoll (D:1)
  A howler monkey skeleton (D:4)
  3 adders (D:3)
  3 worms
  4 dart slugs
  2 leopard geckos (D:1)
  17 orcs
  5 bats
  2 giant cockroaches
  15 goblins
  4 hobgoblins
  11 jackals
  A ball python (D:1)
  A frilled lizard (D:4)
  8 kobolds
  9 rats
99 creatures vanquished.

Notes
Turn   | Place    | Note
-------+----------+-------------------------------------------
     0 | D:1      | prawnwizard the Octopode Fighter began the quest for the Orb.
     0 | D:1      | Reached XP level 1. HP: 16/16 MP: 1/1
   115 | D:1      | Reached XP level 2. HP: 6/21 MP: 2/2
   444 | D:1      | Reached XP level 3. HP: 2/26 MP: 3/3
   446 | D:1      | HP: 1/26 [dart slug (1)]
  1342 | D:2      | Noticed Robin
  1345 | D:2      | Reached XP level 4. HP: 28/31 MP: 4/4
  1353 | D:2      | Killed Robin
  1353 | D:2      | Reached skill level 3 in Unarmed Combat
  1936 | D:2      | Found an ancient bone altar of Kikubaaqudgha.
  2278 | D:3      | Reached XP level 5. HP: 27/36 MP: 5/5
  2659 | D:3      | Reached skill level 4 in Unarmed Combat
  3303 | D:4      | Noticed dedward's ghost (amateur MiBe)
  3420 | D:4      | Noticed an ogre
  3422 | D:4      | Reached XP level 6. HP: 24/42 MP: 6/6
  3437 | D:3      | HP: 1/42 [worker ant (2)]
  3668 | D:3      | Reached skill level 5 in Unarmed Combat
  3960 | D:4      | Reached skill level 5 in Dodging
  3966 | D:4      | Reached XP level 7. HP: 30/46 MP: 5/7
  4554 | D:4      | Reached skill level 6 in Unarmed Combat
  4558 | D:4      | HP: 2/46 [poisoned by an orc]
  4559 | D:4      | Succumbed to an orc's poison

Skill      XL: |  1  2  3  4  5  6  7 |
---------------+----------------------+-----
Unarmed Combat | 3 4 5 6 |  6.0
Dodging        | 4 5 |  5.2
Fighting       | |  3.5
Shields        | |  3.1

Action                   |  1- 3 |  4- 6 |  7- 9 || total
-------------------------+-------+-------+-------++-------
Melee: Unarmed           |    86 |   131 |    22 ||   239
       Constrict         |    25 |    36 |     7 ||    68
       Tentacles         |    14 |    26 |     4 ||    44
       Punch             |     2 |     2 |       ||     4
  Use: Scroll            |       |     9 |       ||     9
       Potion            |       |     1 |       ||     1
 Stab: Sleeping          |     6 |     8 |       ||    14
  Eat: Chunk             |     1 |     7 |       ||     8
       Ration            |       |     1 |       ||     1
Armor: Skin              |     4 |     5 |     3 ||    12
Dodge: Dodged            |    56 |   102 |    22 ||   180
Block: Shield            |     9 |       |       ||     9
